Cogmind - Beta 15 @@@ ROGUE MODE // 2025.09.24 @ 17:54:06 Player: Kotyk77 Result: Destroyed by G-34 Mercenary with Small Laser Performance ------------- Evolutions (0) 0 Regions Visited (1) 200 Robots Destroyed (7) 35 Value Destroyed (155) 155 Prototype IDs (0) 0 Alien Tech Used (0) 0 Bonus (0) 0 TOTAL SCORE: 390 Bonus ------- None Cogmind --------- Core Integrity 0/250 Matter 300/300 Energy 100/100 System Corruption 1% Temperature Cool (30) Movement Core (200) Ox3 Location -10/Materials Parts ------- > --- POWER (1) -------- (None) > --- PROPULSION (2) --- (None) > --- UTILITY (2) ------ Medium Storage Unit > --- WEAPON (2) ------- (None) > --- INVENTORY (10) --- Ion Engine Aluminum Leg Wheel Wheel Small Storage Unit ECM Suite Peak State ------------ > --- POWER ------------ Ion Engine > --- PROPULSION ------- Wheel Compact Wheel > --- UTILITY ---------- Small Storage Unit Improved Terrain Scanner > --- WEAPON ----------- Medium Laser Small Laser > --- INVENTORY -------- Ion Engine Aluminum Leg Aluminum Leg Wheel Wheel [Rating: 9] Favorites ----------- Power Ion Engine Engine Ion Engine Propulsion Wheel Leg Aluminum Leg Wheel Wheel Utility Improved Terrain Scanner Device Improved Terrain Scanner Storage Medium Storage Unit Weapon Small Laser Energy Gun Small Laser Special Weapon Mining Laser Build | -11 -10 ------- Run | Yrd Mat Slots Evolved . | . . Power . | . . Propulsion . | . . Utility . | . . Weapon . | . . Parts Attached 10 | 7 3 Power 1 | 1 . Engine 1 | 1 . Core . | . . Reactor . | . . Propulsion 3 | 2 1 Treads . | . . Leg 1 | . 1 Wheel 2 | 2 . Hover . | . . Flight . | . . Utility 3 | 2 1 Device 1 | 1 . Storage 2 | 1 1 Processor . | . . Hackware . | . . Protection . | . . Artifact . | . . Weapon 3 | 2 1 Energy Gun 2 | 2 . Energy Cannon . | . . Ballistic Gun . | . . Ballistic Cannon . | . . Launcher . | . . Special Weapon 1 | . 1 Impact Weapon . | . . Slashing Weapon . | . . Piercing Weapon . | . . Special Melee Weapon . | . . Unidentified Prototypes . | . . Parts Lost 8 | . 8 Power 1 | . 1 Propulsion 3 | . 3 Utility 1 | . 1 Weapon 3 | . 3 Highest Loss Streak 8 | . 8 To Critical Strikes . | . . Average Backups 5 | 2 7 Power . | . 1 Propulsion 3 | 1 3 Utility . | . 1 Weapon . | . . Tool/Special . | . . Unused Backups 5 | . 5 Power 1 | . 1 Propulsion 3 | . 3 Utility 1 | . 1 Weapon . | . . Tool/Special . | . . Average Slot Usage (%) 85 | . 85 Engine 11 | . 11 Leg 3 | . 3 Wheel 21 | . 21 Device 12 | . 12 Storage 14 | . 14 Energy Gun 23 | . 23 Peak Build Rating 9 | 9 9 Average Rating 6 | 5 7 On Entrance 4 | . 9 Naked Turns . | . . Heaviest Build 19 | 14 19 Greatest Support 26 | 26 26 Greatest Overweight (x) 1 | . 1 Average Overweight (x) . | . . Largest Inventory Capacity 10 | 8 10 Average Capacity 8 | 7 9 Most Carried 8 | 5 8 Average Carried 5 | 2 7 Final Capacity 10 | 8 10 Final Carried 6 | 5 6 Class Distribution -------------------- 100% | Mutant Dominant Class ---------------- Mutant | -10/Materials Resources | -11 -10 ----------- Run | Yrd Mat Matter Collected 282 | 270 12 Remotely . | . . Salvage Created 285 | 155 130 Parts 15 | 8 7 Haulers Intercepted . | . . Recyclers Shooed . | . . Parts Field Recycled . | . . Retrieved Matter . | . . Parts Self-Destructed . | . . Prevented . | . . Kills | -11 -10 ------- Run | Yrd Mat Combat Hostiles Destroyed 3 | . 3 Guns 3 | . 3 Classes Destroyed 3 | 2 1 Tunneler 3 | 3 . Recycler 1 | 1 . Grunt 3 | . 3 Best Kill Streak 4 | 4 3 Combat Bots Only 3 | . 3 Max Kills in Single Turn 2 | 2 1 Gunslinging . | . . Exploded . | . . Melee . | . . Uniques/NPCs Destroyed . | . . Combat | -11 -10 -------- Run | Yrd Mat Hostile Shots Fired 76 | . 76 Missed 10 | . 10 Hits 66 | . 66 Projectile 66 | . 66 Damage Taken 763 | . 763 Core 255 | . 255 Absorbed by Shields . | . . Core Remaining (%) 100 | 100 . Volleys Fired 21 | 6 15 Largest 2 | 2 2 Hottest 100 | 90 100 Shots Fired 37 | 12 25 Gun 36 | 12 24 Cannon . | . . Launcher . | . . Special 1 | . 1 Kinetic . | . . Thermal 37 | 12 25 Explosive . | . . Electromagnetic . | . . Robot Hit Streak 5 | 4 5 Robot Miss Streak 4 | 2 4 Penetration Max . | . . Secondary Targets . | . . Shots Hit Robots 21 | 7 14 Core Hits 14 | 5 9 Critical Kills . | . . Critical Parts Destroyed . | . . Critical Strikes 1 | . 1 Burn 1 | . 1 Melee Attacks . | . . Impact . | . . Slashing . | . . Piercing . | . . Sneak Attacks . | . . Combat Hostiles . | . . Follow-up Attacks . | . . Damage Inflicted 319 | 106 213 Guns 287 | 106 181 Cannons . | . . Explosions . | . . Melee . | . . Ramming 32 | . 32 Kinetic . | . . Thermal 287 | 106 181 Explosive . | . . Electromagnetic . | . . Impact . | . . Slashing . | . . Piercing . | . . Highest Corruption 1 | . 1 Average Corruption 1 | . 1 Corruption Purged . | . . Corruption Blocked . | . . Effects 1 | . 1 Data Loss (minor) 1 | . 1 Overload Shots . | . . Overflow Damage . | . . Projectiles . | . . Explosions . | . . Melee . | . . Knockbacks . | . . Impact . | . . Kinetic . | . . Secondary . | . . Self-Inflicted Damage 1 | . 1 Shots . | . . Rammed 3 | . 3 Targets Rammed 13 | . 13 Kicked 10 | . 10 Crushed . | . . Highest Temperature 465 | 150 465 Average Temperature 194 | 86 235 Received Heat Transfer 420 | . 420 Effects 3 | . 3 Shutdowns 1 | . 1 Energy Bleed 2 | . 2 Siege Activations . | . . Martial Activations . | . . Shielding Activations . | . . Robots Disrupted . | . . Combat Hostiles . | . . Robots Corrupted . | . . Combat Hostiles . | . . Parts Fried . | . . Impact Corruptions . | . . Robots Melted . | . . Combat Hostiles . | . . Parts Melted 3 | 1 2 Heat Transferred 842 | 285 557 Parts Sabotaged . | . . Parts Stolen . | . . Parts Stripped . | . . Power Chain Reactions . | . . Alert | -11 -10 ------- Run | Yrd Mat Maximum Alert Level . | . . Low Security (%) 100 | 100 100 Level 1 . | . . Level 2 . | . . Level 3 . | . . Level 4 . | . . Level 5 . | . . High Security . | . . Max Security . | . . Peak Influence 70 | 10 70 Initial 6 | . 6 Average 7 | 3 10 Influence Increases 101 | 20 81 Destroy 0b10 Robot/C 60 | . 60 Destroy 0b10 Robot/NC 20 | 20 . Destroy Leader 20 | . 20 Destroy Structure 1 | . 1 Influence Decreases 101 | 10 91 Entered New Map 4 | . 4 Time Decay 36 | 10 26 Lost Part 61 | . 61 Squads Dispatched 1 | . 1 Investigation 1 | . 1 Extermination . | . . Reinforcement . | . . Assault . | . . Garrison . | . . Intercept . | . . Searches Triggered . | . . Construction Impeded . | . . Haulers Reinforced . | . . Active Scanning Responses . | . . Cargo Convoy Interrupts . | . . Stealth | -11 -10 --------- Run | Yrd Mat Distress Signals . | . . Communications Jammed . | . . Distress Signals . | . . Times Spotted 9 | . 9 Peak Tracking Total 8 | . 8 Tactical Retreats . | . . Traps | -11 -10 ------- Run | Yrd Mat Traps Triggered . | . . Indirectly . | . . Trap Hack Attempts . | . . Triggered . | . . Disarmed . | . . Reprogrammed . | . . Reused . | . . Traps Extracted . | . . Installed . | . . Triggered . | . . Machines | -11 -10 ---------- Run | Yrd Mat Machines Disabled . | . . Max in Single Turn . | . . Machines Repaired . | . . Machines Dismantled . | . . Machines Sabotaged . | . . Overloaded Fab Kills . | . . Hacking | -11 -10 --------- Run | Yrd Mat Machines Accessed 1 | . 1 Terminals 1 | . 1 Fabricators . | . . Repair Stations . | . . Recycling Units . | . . Scanalyzers . | . . Garrison Access . | . . Total Hacks 5 | . 5 Successful 2 | . 2 Failed 3 | . 3 Catastrophic . | . . Database Lockouts . | . . Manual 5 | . 5 Terminals 5 | . 5 Fabricators . | . . Repair Stations . | . . Recycling Units . | . . Scanalyzers . | . . Garrison Access . | . . Terminal Hacks 1 | . 1 Terminal Index 1 | . 1 Fabricator Hacks . | . . Repair Station Hacks . | . . Recycling Unit Hacks . | . . Scanalyzer . | . . Garrison Access Hacks . | . . Unauthorized Hacks 1 | . 1 Terminals 1 | . 1 Botnet 1 | . 1 Fabricators . | . . Repair Stations . | . . Recycling Units . | . . Scanalyzers . | . . Garrison Access . | . . Data Cores Recovered . | . . Used . | . . Hacking Detections 1 | . 1 Full Trace Events 1 | . 1 Feedback Events 1 | . 1 Corruption 1 | . 1 Feedback Blocked . | . . Robot Schematics Acquired . | . . Robots Built . | . . Authchips . | . . Time . | . . Total Robot Build Rating . | . . Part Schematics Acquired . | . . Parts Built . | . . Authchips . | . . Time . | . . Total Part Build Rating . | . . Parts Repaired . | . . Time . | . . Parts Recycled . | . . Recycled Matter . | . . Retrieved Matter . | . . Retrieved Components . | . . Parts Scanalyzed . | . . Part Schematics Acquired . | . . Parts Damaged . | . . Bothacking | -11 -10 ------------ Run | Yrd Mat Used RIF Installer . | . . Robots Hacked . | . . Non-combat . | . . Combat . | . . Robot Hacks Applied . | . . Relay Couplers Released . | . . Fabnet Peak Effective % . | . . Robots Rewired . | . . Allies Hacked . | . . Hacks Repelled . | . . Allies | -11 -10 -------- Run | Yrd Mat Total Allies . | . . Largest Group . | . . Highest-Rated Group . | . . Highest-Rated Ally . | . . Total Orders . | . . Ally Attacks . | . . Total Damage . | . . Kills . | . . Allies Corrupted . | . . Allies Melted . | . . Intel | -11 -10 ------- Run | Yrd Mat Active Infowar (turns) 125 | 6 119 Terrain 125 | 6 119 Robot Analysis Total . | . . Derelict Logs Recovered . | . . Drone Launches . | . . Drone Recoveries . | . . Exploration | -11 -10 ------------- Run | Yrd Mat Turns Passed 218 | 78 140 Spaces Moved 131 | 52 79 Core 3 | 3 . Treads . | . . Legs 4 | . 4 Wheels 124 | 49 75 Hover . | . . Flight . | . . Fastest Speed 50 | 50 90 Average Speed 90 | 85 94 Slowest Speed 190 | 90 190 Overloaded Moves . | . . Propulsion Burnouts . | . . Robots Hopped . | . . Potential Cave-ins . | . . Cave-ins Triggered . | . . Exploration Rate (%) 9 | 4 14 Regions Visited 1 Branch Regions . Pre-discovered Areas . | . . Known Exits Taken . | . . Unknown Exits Taken 1 | 1 . Scrap Searched . | . . Spaces Dug . | . . Terrain Destroyed 1 | . 1 Melee . | . . Projectile 1 | . 1 AOE . | . . Terrain Rammed . | . . Walls Destroyed . | . . Machines Disabled . | . . Actions | -11 -10 --------- Run | Yrd Mat Total 181 | 69 112 Wait . | . . Move 130 | 51 79 Hop . | . . Pick Up 7 | 5 2 Fast Attach 7 | 7 . Attach 2 | . 2 Detach . | . . Swap 1 | . 1 Drop . | . . Fire 21 | 6 15 Melee . | . . Ram 3 | . 3 Kick 10 | . 10 Crush . | . . Escape Stasis . | . . Rewire . | . . Trap . | . . Miscellaneous . | . . Route ------- -11/Scrapyard -10/Materials History --------- Turn | Location | Event 7 | -11/Scrapyard | Discovered new exit (range 15) 79 | -11/Scrapyard | Entered Materials 186 | -10/Materials | Core integrity fell below 50% 214 | -10/Materials | Core integrity fell below 20% 219 | -10/Materials | Destroyed by G-34 Mercenary with Small Laser Last Messages --------------- 00178_ Com. Wheel destroyed. 00181_ Sml. Laser destroyed. 00185_ Wheel destroyed. 00188_ Ion Engine destroyed. 00188_ Kicked G-34 Mercenary. 00191_ Med. Laser destroyed. 00198_ Imp. Terrain Scanner destroyed. 00198_ Kicked G-34 Mercenary. 00200_ Kicked G-34 Mercenary out of the way. 00202_ Kicked G-34 Mercenary. 00204_ Acquired 2 matter. 00206_ Overheating: Energy bleed (-7). 00206_ Mining Laser destroyed. 00207_ Overheating: Energy bleed (-6). 00207_ R-06 Scavenger collects Lgt. Nuclear Core. 00209_ Kicked G-34 Mercenary. 00213_ Kicked G-34 Mercenary out of the way. 00214_ Kicked G-34 Mercenary. 00215_ Aluminum Leg destroyed. 00215_ Slammed into G-34 Mercenary. Map ----- +----------------------------------------------------+ | | | | | | | | | | | | | | | | | | | | | | | | | ???????????????#?????????????????????????????????? | | ????????????????????????#????????????????????????? | | ?????????????? ??????????????????????????????????? | | ??????????????????????#??????????????????????????? | | ???????? ?????????????????#??????????????????????? | | ??????????????"??????#?????????########??????????? | | ?????????????????#????????#????# #????????? ? | | ???????????????????????????????# "" #??????????? | | ???????????????????????????##### "T #??????????? | | ?????????????????#?????????# # "" #??????????? | | ????????????????????????#### # #??????????? | | ?????????????????########%## # [ #?????? ???? | | ?????????????????# % %ggg## ###+#############+? | | ?????????????????# ="""""@## | | ?????????????????#*%"""""g## | | ?????????????? ? #%=""""" ## | | ?????????????????#*= ########+##############? | | ?????????????????# """""u#????# #??????????? | | ?????????????????# r""""" ##??## | !#???#?????? | | ??????????? ?????# """"" #????# % | #??????????? | | ??????"??????????# #????# |! #????????? ? | | ??????????"??????####+###+###### #??????????? | | ??????????????# %+ #?#????????? | | ??????????????# #############?#??#?????? | | ????????????? # #??????????????????????? | | ??????????????# #??????????????????????? | | ??????????????# #??????????????????????? | | ????????????? ??????????????????????? | | ???????????? ??????????????????????? | | ????????????? ??????????????????????? | | ????????????? """ """ ???????????#??????????? | | ???????????????""" """ ???????????????? ?????? | | ????????????????"" ?"" ??????????????????????? | | ????????????????? ??? ???????????#??????????? | | ???????????????????? ? ??????????????????????? | | ??????????????????????" ???????? ?????????????? | | ??????????????????????? ??????????????????????? | | ?????????????????????????????????????????????????? | +----------------------------------------------------+ Best States ------------- Heat Dissipation 25 Energy Generation 10 Energy Capacity 250 Matter Stores 300 Matter Capacity 300 Sight Range 16 Terrain Scan Range 16 Terrain Scan Density 10 Evasion (%) 44 Item Schematics ----------------- None Robot Schematics ------------------ None Fabricated ------------ Nothing Repaired ---------- Nothing Alien Tech Used ----------------- None Achievements -------------- None Challenges ------------ None Game ------ Seed LatentGrapheneMinigun Manual? 0 Play Time 00:05:02 Cumulative 64.9 hours Start 2025.09.24 @ 17:51:00 End 2025.09.24 @ 17:54:06 Sessions 1 Manual Loads 0 Difficulty Rogue Special Mode None Game No. 72 Rogue 72 Adventurer 0 Explorer 0 Win Type - Total 0 Types 0/0/0/0/0/0/0/0/0/0 Lore% 20 Gallery% 32 Achievement% 28 Wizard Run 0 Options --------- Layout 1 ASCII 0 Keyboard 1 Movement Numpad Keybinds 0 Fullscreen 1 Font 32/SmallcapsGlow Map View 77x35 Zoom Use 0% Tactical HUD 1 Map Filters NONE Filters NONE Steam 1 RUN: 938d7a91-6acc-4ea8-ae29-cca194b64135